 Dungeon Crawl Stone Soup version 0.24.0-3-g28a8eb0610 (webtiles) character file.

Game seed: 10158989701638582545, levelgen mode: deterministic

4 Descartes the Grasshopper (level 1, -3/11 HPs)
             Began as a Spriggan Warper on Nov 1, 2019.
             Slain by a hobgoblin
             ... wielding a +0 club
              (6 damage)
             ... on level 1 of the Dungeon.
             The game lasted 00:01:07 (210 turns).

Descartes the Grasshopper (Spriggan Warper)          Turns: 210, Time: 00:01:07

Health: -3/11      AC:  3    Str:  7    XL:     1   Next: 58%
Magic:  5/5        EV: 19    Int: 14    God:
Gold:   13         SH:  0    Dex: 15    Spells: 5/5 levels left

rFire    . . .     SeeInvis +   a - +0 short sword
rCold    . . .     Gourm    .   (shield restricted)
rNeg     . . .     Faith    .   b - +0 robe
rPois    .         Spirit   .   g - +1 hat
rElec    .         Reflect  .   (no cloak)
rCorr    .         Harm     .   (gloves unavailable)
MR       .....                  (boots unavailable)
Stlth    ++........             (no amulet)
HPRegen  0.03/turn              (no ring)
MPRegen  0.09/turn              (no ring)

@: lethally poisoned (-3 -> -10), very quick
A: very small, unfitting armour, see invisible, herbivore, speed 3, slow
metabolism 2
a: no special abilities


You were on level 1 of the Dungeon.
You were not hungry.

You visited 1 branch of the dungeon, and saw 1 of its levels.

You collected 13 gold pieces.

Inventory:

Hand Weapons
 a - a +0 short sword (weapon)
Missiles
 c - 12 arrows
 e - 5 boomerangs of dispersal (quivered)
Armour
 b - a +0 robe (worn)
 g - a +1 hat (worn)
Scrolls
 d - a scroll of blinking
Comestibles
 f - a ration


   Skills:
 + Level 1.6 Fighting
 + Level 2.3 Short Blades
 - Level 1.0 Throwing
 + Level 3.6 Dodging
 + Level 0.6 Stealth
 + Level 2.8 Spellcasting
   Level 4.4 Translocations


You had 5 spell levels left.
You didn't know any spells.
Your spell library contained the following spells:

 Spells                   Type           Power        Failure   Level  Hunger
 Blink                    Tloc           N/A          5%          2    ###....
 Gell's Gravitas          Tloc           ##........   11%         3    ###....
 Lesser Beckoning         Tloc           ##........   11%         3    ###....
 Teleport Other           Tloc           ##......     11%         3    ###....
 Shroud of Golubria       Chrm/Tloc      #.....       14%         2    ###....
 Passage of Golubria      Tloc           N/A          34%         4    #####..


Dungeon Overview and Level Annotations

Branches:
Dungeon (1/15)

Altars:


Innate Abilities, Weirdness & Mutations

You are very small and have problems with some larger weapons.
You are too small for most types of armour.
You have supernaturally acute eyesight. (SInv)
You are a herbivore.
You cover ground extremely quickly.
You need to consume almost no food.


Message History

You feel sick. The rat misses you.
You hit the rat but do no damage. The rat completely misses you.
You hit the rat but do no damage. The rat barely misses you.
You hit the rat.
The rat is heavily wounded.
You feel sick. The rat bites you.
You hit the rat.
You kill the rat!
You completely miss the hobgoblin.
The hobgoblin hits you but does no damage.
You barely miss the hobgoblin. You closely miss the hobgoblin.
The hobgoblin barely misses you.
You hit the hobgoblin but do no damage.
* * * LOW HITPOINT WARNING * * *
You feel sick. The hobgoblin closely misses you.
You closely miss the hobgoblin. The hobgoblin misses you.
You closely miss the hobgoblin. The hobgoblin completely misses you.
You hit the hobgoblin but do no damage. The hobgoblin hits you with a +0 club.
Ouch! That really hurt!
You die...

#....# #.....###. #
##....# ##...##8..
..##..)..# ..........
..........############8..
..##...........## #......
#.........##.#..###......
.........###...........##
.......#.# ######.....##
....^..#@# #...###
.......#g# #...#
.#..#.#.# ###.# #..#...#
#.# ...#...# #.# #.#.#.#
#.# ....###.#.#.##
..........#).#
..##.#>..####


You could see a hobgoblin.

Vanquished Creatures
  A bat (D:1)
  2 kobolds (D:1)
  2 rats (D:1)
5 creatures vanquished.

Notes
Turn   | Place    | Note
-------+----------+-------------------------------------------
     0 | D:1      | Descartes the Spriggan Warper began the quest for the Orb.
     0 | D:1      | Reached XP level 1. HP: 10/10 MP: 5/5
   210 | D:1      | Slain by a hobgoblin

Levels and vault maps discovered:
D:1:      psy_arrival_basics, layout_rooms, grunt_decor_cap

Action                   || total
-------------------------++-------
Melee: Short sword       ||    28
Armor: Robe              ||     8
Dodge: Dodged            ||    28
